 Dungeon Crawl Stone Soup version 0.27.1-37-g7b29ead8ac (webtiles) character file.

Game seed: 9273290349318824292

76104 tkbsonic5 the Thaumaturge (level 15, -10/80 HPs)
             Began as a Deep Elf Conjurer on Oct 31, 2023.
             Was a High Priest of Vehumet.
             Mangled by Jorgrun (16 damage)
             ... on level 12 of the Dungeon on Jan 2, 2024.
             The game lasted 01:49:36 (28777 turns).

tkbsonic5 the Thaumaturge (Deep Elf Conjurer)      Turns: 28777, Time: 01:49:37

Health: -10/80     AC:  7    Str:  4    XL:     15   Next: 11%
Magic:  14/41      EV: 12    Int: 30    God:    Vehumet [*****.]
Gold:   1525       SH:  0    Dex: 13    Spells: 7/37 levels left

rFire    . . .     SeeInvis +   N - staff of earth
rCold    . . .     Faith    .   (no shield)
rNeg     . . .     Spirit   .   R - +1 robe {Archmagi}
rPois    .         Reflect  .   H - +1 hat {Stlth+}
rElec    .         Harm     .   (no cloak)
rCorr    .         Rampage  .   t - +0 pair of gloves
Will     +....     Archmagi +   o - +1 pair of boots
Stlth    ++++++....             (no amulet)
HPRegen  0.23/turn              s - ring of magical power
MPRegen  0.27/turn              E - ring of see invisible

@: grasped by roots, constricted
A: no striking features
a: Renounce Religion


You were on level 12 of the Dungeon.
You worshipped Vehumet.
Vehumet was extremely pleased with you.
You visited 3 branches of the dungeon, and saw 19 of its levels.

You collected 1525 gold pieces.

Inventory:

Hand Weapons
 e - a +0 dagger
 n - a +2 dagger of chaos
 D - a +1 shortbow
 O - a +1 hand crossbow of flaming
 S - the +5 falchion of the Lusting Soothsayer {flame, rElec}
   (You found it on level 6 of the Lair of Beasts)

   It burns those it strikes, dealing additional fire damage.
   Big, fiery blades are also staple armaments of hydra-hunters.
   rElec:     It insulates you from electricity.
Missiles
 c - 370 arrows
 j - 96 bolts
 u - 27 boomerangs
 w - 63 poisoned darts
 I - 7 atropa-tipped darts
Armour
 a - a +0 robe
 g - a +0 helmet
 i - a +0 ring mail
 k - a +0 leather armour
 l - a +0 scale mail
 o - a +1 pair of boots (worn)
 t - a +0 pair of gloves (worn)
 G - +0 steam dragon scales
 H - a +1 hat of stealth (worn)
 R - a +1 robe of the Archmagi (worn)
Magical Staves
 N - a staff of earth (weapon)
 P - a staff of death
Jewellery
 b - a ring of protection from cold
 d - a ring of protection from fire
 h - a +4 ring of protection
 r - a ring of magical power
 s - a ring of magical power (left hand)
 v - a ring of fire
 z - a ring of ice
 C - a ring of poison resistance
 E - a ring of see invisible (right hand)
 F - a ring of fire
 Q - a ring of fire
 V - a ring of fire
 X - a ring of ice
Wands
 q - a wand of flame (34)
 K - a wand of iceblast (9)
Scrolls
 p - 7 scrolls of teleportation
 y - a scroll of magic mapping
 U - 3 scrolls of identify
 W - a scroll of brand weapon {unknown}
Potions
 f - 2 potions of mutation
 m - 4 potions of flight
 x - a potion of berserk rage
 A - a potion of lignification
 B - 5 potions of curing
 J - 9 potions of ambrosia
 M - a potion of magic
 T - a potion of invisibility {unknown}
Miscellaneous
 L - a lightning rod (4/4)


   Skills:
 * Level 4.7 Fighting
 * Level 2.6 Staves
 - Level 6.8 Bows
 * Level 1.0 Armour
 * Level 7.6 Dodging
 * Level 10.9 Stealth
 * Level 11.6 Spellcasting
 * Level 11.0 Conjurations
 - Level 8.8 Hexes
 * Level 7.1 Necromancy
 * Level 8.0 Translocations
 * Level 6.5 Transmutations
 * Level 7.7 Fire Magic
 * Level 8.8 Air Magic
 * Level 8.7 Earth Magic
 * Level 6.8 Poison Magic
 * Level 5.3 Evocations


You had 7 spell levels left.
You knew the following spells:

 Your Spells              Type           Power      Damage    Failure   Level
a - Magic Dart            Conj           100%       1d8       1%          1
b - Irradiate             Conj/Tmut      40%        3d27      1%          5
c - Vampiric Draining     Necr           37%        2d11      1%          3
d - Airstrike             Air            40%        N/A       1%          4
e - Stone Arrow           Conj/Erth      100%       3d13      1%          3
f - Bolt of Magma         Conj/Fire/Erth 52%        4d21      1%          5
g - Iskenderun's Mystic   Conj/Tloc      84%        2d17      1%          4
h - Mephitic Cloud        Conj/Pois/Air  82%        N/A       1%          3
i - Wereblood             Tmut           71%        N/A       1%          2

Your spell library contained the following spells:

 Spells                   Type           Power      Damage    Failure   Level
 Yara's Violent Unravell  Hex/Tmut       38%        3d15      1%          5
 Animate Skeleton         Necr           100%       N/A       1%          1
 Apportation              Tloc           100%       N/A       1%          1
 Beastly Appendage        Tmut           100%       N/A       1%          1
 Foxfire                  Conj/Fire      100%       2x1d9     1%          1
 Pain                     Necr           100%       1d9       1%          1
 Sting                    Tmut/Pois      100%       1d8       1%          1
 Corpse Rot               Necr/Air       N/A        N/A       1%          2
 Poisonous Vapours        Pois/Air       100%       N/A       1%          2
 Searing Ray              Conj           100%       3d7       1%          2
 Sublimation of Blood     Necr           37%        N/A       1%          2
 Conjure Flame            Conj/Fire      84%        6-21      1%          3
 Dazzling Flash           Conj/Hex       100%       N/A       1%          3
 Ignite Poison            Fire/Tmut/Pois 73%        N/A       1%          3
 Inner Flame              Hex/Fire       79%        N/A       1%          3
 Dispel Undead            Necr           74%        3d25      1%          4
 Fulminant Prism          Conj/Hex       43%        3d20      1%          4
 Olgreb's Toxic Radiance  Pois           72%        N/A       1%          4
 Petrify                  Tmut/Erth      97%        N/A       1%          4
 Sticky Flame             Conj/Fire      84%        2d10      1%          4
 Lightning Bolt           Conj/Air       43%        1d62      1%          5
 Frozen Ramparts          Ice            52%        1d7       2%          3
 Conjure Ball Lightning   Conj/Air       43%        3x3d15    2%          6
 Animate Armour           Summ/Erth      100%       N/A       4%          4
 Summon Lightning Spire   Summ/Air       60%        N/A       4%          4
 Alistair's Intoxication  Tmut/Pois      48%        N/A       5%          5
 Ice Form                 Ice/Tmut       53%        N/A       8%          4
 Invisibility             Hex            40%        N/A       12%         6
 Statue Form              Tmut/Erth      64%        N/A       21%         6
 Death Channel            Necr           37%        N/A       24%         6
 Summon Ice Beast         Ice/Summ       26%        N/A       30%         4
 Summon Hydra             Summ           13%        N/A       100%        7
 Lehudib's Crystal Spear  Conj/Erth      53%        10d13     61%         8
 Discord                  Hex            40%        N/A       99%         8
 Disjunction              Tloc           39%        N/A       100%        8
 Shatter                  Erth           51%        3d39*     100%        9


Dungeon Overview and Level Annotations

Branches:
Dungeon (12/15)            Temple (1/1) D:5            Lair (6/6) D:11
 Shoals (0/4) Lair:3        Snake (0/4) Lair:2          Orc (0/2) D:9
  Slime: Lair:5-6

Altars:
Ashenzari
Cheibriados
Dithmenos
Elyvilon
Fedhas
Gozag
Hepliaklqana
Kikubaaqudgha
Makhleb
Nemelex Xobeh
Okawaru
Qazlal
Ru
Sif Muna
Trog
Uskayaw
Vehumet
Wu Jian
Xom
Yredelemnul
Zin
The Shining One

Shops:
D:11 (

Annotations:
D:2 1 runed translucent door, Crazy Yiuf
D:8 3 runed translucent doors, Aldia's ghost, novice TrMo
D:9 2 transporters, cbfl8's ghost, novice MiFi
D:12 Jorgrun
Lair:4 2 transporters, Sola's ghost, journeyman GrBe
Lair:5 exclusion: oklob plant


Message History

Aiming: Vampiric Draining (safe; 1% risk of failure)
Press: ? - help, Shift-Dir - straight line, f/p - Jorgrun
Aim: Jorgrun, wielding a +0 vorpal quarterstaff and wearing a +0 robe of fire resistance (moderately wounded)
You feel a surge of power!
You draw life force from Jorgrun!
You feel life coursing into your body.
Jorgrun hits you with a +0 vorpal quarterstaff.
Casting: Vampiric Draining (safe; 1% risk of failure)
Confirm with . or Enter, or press ? or * to list all spells.
Aiming: Vampiric Draining (safe; 1% risk of failure)
Press: ? - help, Shift-Dir - straight line, f/p - Jorgrun
Aim: Jorgrun, wielding a +0 vorpal quarterstaff and wearing a +0 robe of fire resistance (heavily wounded)
You feel a surge of power!
You draw life force from Jorgrun!
You feel life coursing into your body!
Jorgrun points at you and mumbles some strange words.
Roots burst forth from the earth!
The grasping roots grab you! The grasping roots constrict you!
Casting: Vampiric Draining (safe; 1% risk of failure)
Confirm with . or Enter, or press ? or * to list all spells.
Aiming: Vampiric Draining (safe; 1% risk of failure)
Press: ? - help, Shift-Dir - straight line, f/p - Jorgrun
Aim: Jorgrun, wielding a +0 vorpal quarterstaff and wearing a +0 robe of fire resistance (heavily wounded)
You feel a surge of power!
You draw life force from Jorgrun!
You feel life coursing into your body.
Jorgrun says, "May tha earth consume ye!"
Jorgrun hits you with a +0 vorpal quarterstaff!
* * * LOW HITPOINT WARNING * * *
The grasping roots constrict you!
* * * LOW HITPOINT WARNING * * *
Casting: Vampiric Draining (safe; 1% risk of failure)
Confirm with . or Enter, or press ? or * to list all spells.
Okay, then.
Casting: Vampiric Draining (safe; 1% risk of failure)
Confirm with . or Enter, or press ? or * to list all spells.
Aiming: Bolt of Magma (dangerous; 1% risk of failure)
Press: ? - help, Shift-Dir - straight line, f/p - Jorgrun
Aim: Jorgrun, wielding a +0 vorpal quarterstaff and wearing a +0 robe of fire resistance (severely wounded, 60% to hit)
You feel a strong surge of power!
The bolt of magma misses Jorgrun.
Jorgrun hits you with a +0 vorpal quarterstaff!
You die...

### ##############.#
..#.....°..g@.......#
#.#.###############.# #.#.#
#.# #.#.# ##### #.# #.#.#
#...#####.# #.#.# #.:.#.).#.#
#.#.#######...#...#.#
#####.#.#.....#...#...#.#
........#.....#...#...#.######


You could see Jorgrun.

Vanquished Creatures
  A sphinx (D:12)
  Kirke (Lair:5)
  An ettin (D:12)
  A boulder beetle (Lair:4)
  Fannar (D:12)
  11 hydras
  2 centaur warriors (D:12)
  4 catoblepae (Lair:6)
  10 two-headed ogres
  8 death yaks (Lair:6)
  A deep elf archer (D:12)
  A harpy (shapeshifter) (D:12)
  A wizard (D:12)
  2 ugly things (D:12)
  2 deep elf pyromancers (D:12)
  3 cyclopes
  2 merfolk sirens (Lair:3)
  3 manticores
  4 elephants (Lair:6)
  6 black mambas
  Maurice (D:12)
  14 cane toads
  Maggie (D:7)
  A torpor snail (Lair:6)
  2 unseen horrors
  Psyche (D:9)
  2 rime drakes (Lair:6)
  A yaktaur (D:12)
  2 kobold demonologists
  7 komodo dragons
  2 merfolk (Lair:3)
  2 trolls
  3 meliai (Lair:4)
  4 polar bears
  A queen bee (Lair:4)
  Prince Ribbit (D:7)
  23 blink frogs
  4 dream sheep (Lair:5)
  A shadow (D:9)
  6 wyverns
  55 yaks
  A vampire (D:12)
  A wraith (D:12)
  Eustachio (D:6)
  A hog (shapeshifter) (D:8)
  A yak (shapeshifter) (D:12)
  6 basilisks
  6 hogs (Lair:5)
  2 steam dragons
  7 vampire mosquitoes
  2 nagas (Lair:2)
  3 acid dragons
  14 water moccasins
  Duvessa (D:7)
  6 orc warriors
  3 black bears
  A necrophage (D:6)
  20 wolves
  An ogre (D:7)
  A phantom (D:4)
  6 centaurs
  3 lemures (D:7)
  3 kobold brigands
  A gnoll sergeant (D:12)
  14 bullfrogs
  4 scorpions
  A wyvern zombie (D:8)
  Dowan (D:7)
  32 killer bees
  3 howler monkeys
  3 electric eels
  A bullfrog zombie (D:5)
  2 centaur zombies
  2 bullfrog skeletons
  4 jellies
  7 orc priests
  Jessica (D:2)
  5 iguanas
  Natasha (twice) (D:2)
  8 orc wizards
  5 hell rats
  2 killer bee zombies
  3 howler monkey zombies
  3 gnolls (D:3)
  4 adders
  A shadow imp (D:7)
  A white imp (D:7)
  A worm (D:4)
  A dart slug (D:1)
  45 orcs
  3 bats (D:1)
  8 endoplasms
  3 giant cockroaches
  10 goblins
  8 hobgoblins
  2 quokkas
  8 ball pythons
  A frilled lizard (D:2)
  16 kobolds
  8 rats
513 creatures vanquished.

Vanquished Creatures (collateral kills)
  Gastronok (D:9)
  A blink frog (Lair:3)
  A yak (D:10)
  An orc priest (D:9)
  4 orcs (D:9)
8 creatures vanquished.

Vanquished Creatures (others)
  A wyvern (D:6)
  A human (Lair:5)
  A white imp (D:6)
  2 orcs (D:9)
  3 bushes (Lair:6)
  58 fungi
  194 plants
  3 withered plants (D:3)
263 creatures vanquished.

Grand Total: 784 creatures vanquished

Notes
Turn   | Place    | Note
-------+----------+-------------------------------------------
     0 | D:1      | tkbsonic5 the Deep Elf Conjurer began the quest for the
                  | Orb.
     0 | D:1      | Reached XP level 1. HP: 10/10 MP: 6/6
   198 | D:1      | Reached XP level 2. HP: 16/16 MP: 5/8
   222 | D:1      | Learned a level 2 spell: Searing Ray
   429 | D:1      | Reached skill level 1 in Fighting
   801 | D:2      | Reached XP level 3. HP: 20/20 MP: 5/9
   884 | D:2      | Learned a level 3 spell: Dazzling Flash
   962 | D:2      | Noticed Jessica
   967 | D:2      | Killed Jessica
   968 | D:2      | Reached skill level 5 in Conjurations
   968 | D:2      | Reached skill level 1 in Hexes
   997 | D:2      | Noticed Natasha
  1006 | D:2      | Killed Natasha
  1007 | D:2      | Reached XP level 4. HP: 25/25 MP: 1/11
  1310 | D:2      | Noticed Natasha
  1327 | D:2      | Killed Natasha
  1416 | D:2      | Found a runed translucent door.
  1417 | D:2      | Noticed Crazy Yiuf
  1506 | D:2      | Learned a level 4 spell: Airstrike
  1911 | D:3      | Reached XP level 5. HP: 30/30 MP: 13/13
  2098 | D:3      | Found a faded altar of an unknown god.
  2194 | D:3      | Reached skill level 1 in Air Magic
  2937 | D:4      | Reached XP level 6. HP: 29/35 MP: 14/14
  3085 | D:4      | Found a burning altar of Makhleb.
  3455 | D:4      | Learned a level 3 spell: Stone Arrow
  3595 | D:4      | Reached skill level 5 in Spellcasting
  3952 | D:5      | Entered Level 5 of the Dungeon
  3956 | D:5      | Reached skill level 1 in Earth Magic
  3956 | D:5      | Reached XP level 7. HP: 40/40 MP: 16/16
  4074 | D:5      | Found a staircase to the Ecumenical Temple.
  4098 | Temple   | Entered the Ecumenical Temple
  4427 | Temple   | Became a worshipper of Vehumet
  4770 | D:5      | Found an opulent altar of Gozag.
  5496 | D:6      | Reached XP level 8. HP: 22/44 MP: 19/19
  5728 | D:6      | Noticed Eustachio
  5731 | D:6      | Killed Eustachio
  5732 | D:6      | Reached skill level 1 in Bows
  5804 | D:6      | You fall into a shaft and drop 3 floors!
  5807 | D:10     | Entered Level 10 of the Dungeon
  5964 | D:10     | Reached skill level 5 in Hexes
  6509 | D:10     | Reached * piety under Vehumet
  6509 | D:10     | Offered knowledge of Shock by Vehumet.
  6510 | D:10     | Reached skill level 5 in Stealth
  6510 | D:10     | Reached XP level 9. HP: 35/48 MP: 15/21
  6553 | D:10     | Noticed a cyclops
  6797 | D:10     | Killed a cyclops
  6901 | D:9      | Noticed Psyche
  6935 | D:9      | Killed Psyche
  7098 | D:9      | Noticed a wizard
  7143 | D:9      | Learned a level 5 spell: Bolt of Magma
  7148 | D:9      | Learned a level 4 spell: Iskenderun's Mystic Blast
  7164 | D:9      | Noticed cbfl8's ghost (novice MiFi)
  7331 | D:9      | Noticed a troll
  7333 | D:9      | Killed a troll
  7334 | D:9      | Reached skill level 1 in Translocations
  7334 | D:9      | Reached skill level 1 in Fire Magic
  7536 | D:8      | Noticed a rime drake
  7928 | D:8      | Found a runed translucent gate.
  7929 | D:8      | Found a runed translucent gate.
  7930 | D:8      | Found a runed translucent gate.
  7932 | D:8      | Noticed Aldia's ghost (novice TrMo)
  8013 | D:7      | Noticed Prince Ribbit
  8172 | D:7      | Reached XP level 10. HP: 53/53 MP: 15/24
  8248 | D:7      | Noticed a two-headed ogre
  8257 | D:7      | Killed a two-headed ogre
  8258 | D:7      | Reached skill level 5 in Air Magic
  8303 | D:6      | Reached skill level 5 in Earth Magic
  8528 | D:6      | Reached skill level 5 in Bows
  8538 | D:6      | Reached skill level 5 in Dodging
  9324 | D:7      | Killed Prince Ribbit
  9457 | D:7      | Noticed Maggie
  9729 | D:7      | Killed Maggie
  9842 | D:7      | Reached ** piety under Vehumet
  9915 | D:7      | Noticed Dowan
  9917 | D:7      | Noticed Duvessa
  9925 | D:7      | Killed Duvessa
  9925 | D:7      | Offered knowledge of Poisonous Vapours by Vehumet.
  9932 | D:7      | Killed Dowan
 10095 | D:7      | Found a shimmering blue altar of Sif Muna.
 11734 | D:9      | Noticed a two-headed ogre
 11739 | D:9      | Killed a two-headed ogre
 11864 | D:9      | Offered knowledge of Mephitic Cloud by Vehumet.
 11872 | D:9      | Reached XP level 11. HP: 59/59 MP: 6/25
 11949 | D:9      | Learned a level 3 spell: Mephitic Cloud
 11952 | D:9      | Learned a level 2 spell: Wereblood
 11959 | D:9      | Learned a level 3 spell: Vampiric Draining
 12204 | D:9      | Reached *** piety under Vehumet
 12211 | D:9      | Noticed Gastronok
 12243 | D:9      | Killed Gastronok
 12244 | D:9      | Reached skill level 1 in Poison Magic
 12428 | D:9      | Found a staircase to the Orcish Mines.
 12490 | D:9      | Found a transporter.
 12506 | D:9      | Found a transporter.
 12515 | D:9      | Found a glowing silver altar of Zin.
 12992 | D:10     | Found a hazy altar of Hepliaklqana.
 13172 | D:10     | Reached skill level 1 in Necromancy
 13372 | D:11     | Reached skill level 1 in Transmutations
 13790 | D:11     | Found Oqegyisch's Antique Weapon Shop.
 13804 | D:11     | Noticed a six-headed hydra
 13809 | D:11     | Killed a six-headed hydra
 13810 | D:11     | Reached skill level 1 in Evocations
 13947 | D:11     | Offered knowledge of Hailstorm by Vehumet.
 14681 | D:11     | Noticed a two-headed ogre
 14793 | D:11     | Noticed a two-headed ogre
 14944 | D:10     | You fall into a shaft and drop 1 floor!
 14952 | D:11     | Killed a two-headed ogre
 15388 | D:11     | Found a staircase to the Lair.
 15451 | Lair:1   | Entered Level 1 of the Lair of Beasts
 15901 | D:11     | Killed a two-headed ogre
 16204 | Lair:1   | Reached XP level 12. HP: 64/64 MP: 27/27
 16260 | Lair:1   | Reached **** piety under Vehumet
 16353 | Lair:1   | Noticed a four-headed hydra
 16358 | Lair:1   | Killed a four-headed hydra
 17472 | Lair:2   | Noticed a seven-headed hydra
 17476 | Lair:2   | Killed a seven-headed hydra
 17476 | Lair:2   | Offered knowledge of Irradiate by Vehumet.
 17477 | Lair:2   | Reached skill level 5 in Translocations
 17552 | Lair:2   | Found a staircase to the Snake Pit.
 17558 | Lair:2   | Reached skill level 5 in Fire Magic
 18310 | Lair:2   | Learned a level 5 spell: Irradiate
 18524 | Lair:2   | Reached skill level 10 in Spellcasting
 19227 | Lair:3   | Found a staircase to the Shoals.
 19423 | Lair:3   | Reached ***** piety under Vehumet
 19520 | Lair:3   | Noticed a five-headed hydra
 19523 | Lair:3   | Killed a five-headed hydra
 19528 | Lair:3   | Offered knowledge of Eringya's Noxious Bog by Vehumet.
 19921 | Lair:3   | Reached XP level 13. HP: 44/69 MP: 2/29
 20257 | Lair:3   | Reached skill level 5 in Necromancy
 20885 | Lair:4   | Got the Incunabulum of Precision Catastrophes
 21070 | Lair:4   | Noticed Sola's ghost (journeyman GrBe)
 21071 | Lair:4   | Found a transporter.
 21078 | Lair:4   | Found a transporter.
 21456 | Lair:4   | HP: 2/70 [boulder beetle (58)]
 22137 | Lair:4   | Reached skill level 5 in Poison Magic
 22756 | Lair:5   | Reached skill level 10 in Conjurations
 22877 | Lair:5   | Found a gate leading to a gauntlet.
 23419 | Lair:5   | Reached skill level 5 in Transmutations
 23434 | Lair:5   | Noticed Kirke
 23439 | Lair:5   | Killed Kirke
 23898 | Lair:6   | Entered Level 6 of the Lair of Beasts
 23915 | Lair:5   | Reached skill level 1 in Staves
 24732 | Lair:6   | Reached skill level 10 in Stealth
 24818 | Lair:6   | Reached XP level 14. HP: 76/76 MP: 16/30
 25127 | Lair:6   | Offered knowledge of Iskenderun's Battlesphere by Vehumet.
 26349 | Lair:6   | Identified the +5 falchion of the Lusting Soothsayer
                  | {flame, rElec}
 26588 | D:12     | Found a stormy altar of Qazlal.
 26987 | D:12     | Reached skill level 5 in Evocations
 27672 | D:12     | Noticed Maurice
 27676 | D:12     | Killed Maurice
 28288 | D:12     | Reached XP level 15. HP: 76/80 MP: 32/32
 28290 | D:12     | Offered knowledge of Yara's Violent Unravelling by Vehumet.
 28418 | D:12     | Noticed a sphinx
 28422 | D:12     | Killed a sphinx
 28598 | D:12     | Noticed Fannar
 28602 | D:12     | Killed Fannar
 28603 | D:12     | Reached skill level 1 in Armour
 28763 | D:12     | Noticed Jorgrun
 28777 | D:12     | Mangled by Jorgrun

Illustrated notes

Levels and vault maps discovered:
D:1:      amcnicky_arrival_flooded_fountain, layout_rooms
D:2:      layout_rooms, minivault_5, uniq_crazy_yiuf_cottage, uniq_jessica,
          uniq_natasha
D:3:      layout_loops_ring, ebering_ecumenical_altar_petrified,
          minmay_stone_trees_small, wad_orctagon
D:4:      layout_loops_ring, old_standard_altar
D:5:      layout_loops_corners, old_standard_altar, minmay_temple_entry_waves,
          serial_bayou_lake_a
D:6:      layout_cave_pods, uniq_eustachio
D:7:      layout_rooms, mainiacjoe_overflow_tiny_flanked, uniq_prince_ribbit1,
          uniq_pikel, uniq_maggie, uniq_duvessa
D:8:      layout_layer_cave, enter_bailey_4, gammafunk_ghost_split
D:9:      layout_stronghold, kennysheep_mini, hiddenorc1_lemuel,
          nzn_ghost_randoct, onia_ninara_dug_in_and_dangerous, uniq_gastronok,
          uniq_psyche
D:10:     layout_loops_ring, nicolae_hepliaklqana_hazy_memory,
          lightli_orcish_oven
D:11:     layout_cross, minmay_lair_entry_grove, serial_shops, shop
D:12:     nzn_winding_woodlands_large [nzn_winding_woodlands_5x5_cross,
          nzn_winding_woodlands_5x15_twine, nzn_winding_woodlands_5x5_open_star,
          nzn_winding_woodlands_center_triple_pond,
          nzn_winding_woodlands_15x15_eel_pit,
          nzn_winding_woodlands_center_lodge,
          nzn_winding_woodlands_5x5_checkerboard,
          nzn_winding_woodlands_5x15_default,
          nzn_winding_woodlands_5x5_closed_star], layout_basic,
          nicolae_qazlal_scattered_showers, uniq_fannar, uniq_jorgrun,
          uniq_maurice
Temple:   minmay_temple_bridge_d
Lair:1:   layout_cave_pods, lemuel_old_faithful, infiniplex_staircase_pool
Lair:2:   layout_roguey, guppyfry_snake_entry_island
Lair:3:   layout_regular_city, elwin_shoals_entry_stream, serial_forest,
          infiniplex_forest_lined_ring, infiniplex_forest_fountain,
          infiniplex_forest_join, infiniplex_forest_straight_4,
          infiniplex_forest_straight_3, infiniplex_forest_lined_2,
          infiniplex_forest_end_2, beast_lair_carwin_9
Lair:4:   layout_cave_shapes, special_room [special_room_bee],
          gammafunk_ghost_arena, grunt_forest_small_clearing_treed,
          lemuel_fruit_tree
Lair:5:   layout_layer_cave, minmay_slime_entry_oklob_enclosed,
          gauntlet_entry_generic, nicolae_quartered_pool_super, uniq_kirke
Lair:6:   evilmike_catoblepas_cave, layout_gridlike, wad_woods_06,
          grunt_megastairs_3, serial_bayou_shore_b

Skill      XL: |  1  2  3  4  5  6  7  8  9 10 11 12 13 14 15 |
---------------+----------------------------------------------+-----
Fighting       | 1 2 3 4 |  4.7
Conjurations   | 5 6 7 8 9 10 11 | 11.0
Hexes          | 1 2 3 4 5 6 7 8 |  8.8
Spellcasting   | 4 5 6 7 8 9 10 11 | 11.6
Air Magic      | 1 2 3 4 5 6 7 8 |  8.8
Stealth        | 3 5 6 7 8 9 10 | 10.9
Dodging        | 3 4 5 6 7 |  7.6
Earth Magic    | 1 2 3 4 5 6 7 8 |  8.7
Bows           | 3 4 5 6 |  6.8
Translocations | 2 3 4 6 7 8 |  8.0
Fire Magic     | 1 3 4 5 6 7 |  7.7
Poison Magic   | 2 4 5 6 |  6.8
Necromancy     | 2 4 6 7 |  7.1
Transmutations | 2 4 5 6 |  6.5
Evocations     | 2 4 5 |  5.3
Staves         | 1 2 |  2.6
Armour         | 1 |  1.0

Action                   |  1- 3 |  4- 6 |  7- 9 | 10-12 | 13-15 || total
-------------------------+-------+-------+-------+-------+-------++-------
Melee: Dagger            |       |     1 |     6 |       |       ||     7
       Staff             |       |       |       |       |    19 ||    19
 Fire: Shortbow          |       |       |    49 |    76 |       ||   125
Throw: Dart              |       |       |       |       |    15 ||    15
       Throwing net      |       |       |       |       |     1 ||     1
 Cast: Magic Dart        |    35 |    14 |     2 |     5 |     7 ||    63
       Searing Ray       |    12 |    32 |     3 |    11 |       ||    58
       Stone Arrow       |       |     8 |    96 |    60 |    42 ||   206
       Airstrike         |       |       |     6 |   121 |    38 ||   165
       Bolt of Magma     |       |       |     2 |   126 |   191 ||   319
       Dazzling Flash    |       |       |     2 |     5 |       ||     7
       Iskenderun's Myst |       |       |       |    12 |    25 ||    37
       Mephitic Cloud    |       |       |       |     6 |    10 ||    16
       Vampiric Draining |       |       |       |     4 |     3 ||     7
       Wereblood         |       |       |       |     1 |       ||     1
Evoke: Wand              |       |       |       |    34 |    11 ||    45
       Lightning rod     |       |       |       |       |    10 ||    10
  Use: Scroll            |       |     2 |     8 |    11 |     9 ||    30
       Potion            |       |       |     8 |     6 |     9 ||    23
 Stab: Sleeping          |       |     1 |       |       |       ||     1
Armor: Robe              |     2 |     3 |    26 |    11 |     4 ||    46
       Skin              |       |       |     2 |       |    12 ||    14
       Steam dragon scal |       |       |       |    45 |    12 ||    57
Dodge: Dodged            |     7 |     6 |    77 |   104 |    47 ||   241
